 Dungeon Crawl Stone Soup version 0.24.0-1-gfbc8707122 (webtiles) character file.

Game seed: 12818398106866057700, levelgen mode: deterministic

414 Aviak the Skirmisher (level 6, 0/55 HPs)
             Began as a Draconian Abyssal Knight on Oct 26, 2019.
             Was a Priest of Lugonu.
             Succumbed to a water moccasin's poison
             ... on level 3 of the Dungeon.
             The game lasted 00:06:18 (2880 turns).

Aviak the Skirmisher (Draconian Abyssal Knight)     Turns: 2880, Time: 00:06:18

Health: 0/55       AC:  7    Str: 14 (15) XL:     6   Next: 60%
Magic:  9/9        EV: 13    Int:  9 (12) God:    Lugonu [***...]
Gold:   116        SH:  0    Dex: 11 (12) Spells: 5/5 levels left

rFire    . . .     SeeInvis .   a - +1 spear
rCold    . . .     Gourm    .   (no shield)
rNeg     . . .     Faith    .   (armour unavailable)
rPois    .         Spirit   .   (helmet restricted)
rElec    .         Reflect  .   (no cloak)
rCorr    .         Harm     .   (no gloves)
MR       .....                  g - +0 pair of boots
Stlth    +.........             (no amulet)
HPRegen  0.18/turn              (no ring)
MPRegen  0.11/turn              (no ring)

@: lethally poisoned (0 -> -3), flying, hasted, very quick
A: unfitting armour, cold-blooded, AC +6
a: Depart the Abyss, Bend Space, Banish, Renounce Religion


You were on level 3 of the Dungeon.
You worshipped Lugonu.
Lugonu was most pleased with you.
You were not hungry.

You visited 1 branch of the dungeon, and saw 3 of its levels.
You visited the Abyss 1 time.

You collected 116 gold pieces.

Inventory:

Hand Weapons
 a - a +1 spear (weapon)
Armour
 g - a +0 pair of boots (worn)
Jewellery
 h - a +3 ring of slaying {unknown}
 l - an uncursed ring of protection from fire {unknown}
Scrolls
 d - a scroll of magic mapping
 f - 3 scrolls of amnesia
 i - a scroll of identify
 j - 2 scrolls of fog
 r - a scroll of remove curse
Comestibles
 b - 5 rations
 c - 4 chunks of flesh


   Skills:
 + Level 4.9 Fighting
 + Level 3.8 Polearms
 + Level 3.7 Dodging
 + Level 4.2 Invocations


You had 5 spell levels left.
You didn't know any spells.
Your spell library was empty.

Dungeon Overview and Level Annotations

Branches:
Dungeon (3/15)

Altars:

Annotations:
D:2 Purgy


Innate Abilities, Weirdness & Mutations

Your plain brown scales are hard. (AC +6)
You cannot fit into any form of body armour.
You are cold-blooded and may be slowed by cold attacks.


Message History

* * * LOW HITPOINT WARNING * * *
You feel sick.
Unknown command.
* * * LOW HITPOINT WARNING * * *
You feel sick.
* * * LOW HITPOINT WARNING * * *
You feel sick.
Unknown command.
* * * LOW HITPOINT WARNING * * *
You feel sick.
* * * LOW HITPOINT WARNING * * *
You feel sick.
Unknown command.
* * * LOW HITPOINT WARNING * * *
You feel sick.
Unknown command.
* * * LOW HITPOINT WARNING * * *
You feel sick.
Unknown command.
You die...

#.# #.# #..#,,,,,, ####.###
#.######..#****,, .......####
#.....##..# **, ..........#
#.........#####*,
.......##.#######.............###
.......##.##................(....
..........##..............###.###
..####....##..............# #)#
..# #....##....@...####### #.#
..# #....#######.###########)###
..####....#######.#..............
..................#.#########.###
..####...##########.#............
..##................#.#######.###
..##.#.############.#.## #.#,,
≈###.#.#...............######.#,*
≈# #.#.#..###########..........,*


There were no monsters in sight!

Vanquished Creatures
  A water moccasin (D:3)
  A centaur skeleton (D:2)
  Jessica (D:3)
  Natasha (thrice) (D:2)
  A worker ant (D:2)
  4 gnolls
  4 adders
  3 dart slugs
  3 leopard geckos
  5 orcs (D:3)
  A ball python (D:1)
  14 bats
  3 goblins
  4 hobgoblins
  5 jackals (D:1)
  7 kobolds
  3 frilled lizards
  4 rats
67 creatures vanquished.

Notes
Turn   | Place    | Note
-------+----------+-------------------------------------------
     0 | Abyss:1  | Aviak the Draconian Abyssal Knight began the quest for the
                  | Orb.
     0 | Abyss:1  | Reached XP level 1. HP: 19/19 MP: 2/2
    33 | D:1      | Escaped the Abyss
   152 | D:1      | Reached XP level 2. HP: 20/26 MP: 3/3
   371 | D:1      | Reached ** piety under Lugonu
   443 | D:1      | Reached XP level 3. HP: 33/33 MP: 4/4
   633 | D:2      | Noticed Natasha
   645 | D:2      | Killed Natasha
   764 | D:2      | Reached XP level 4. HP: 39/40 MP: 6/6
  1141 | D:2      | Noticed Natasha
  1150 | D:2      | Killed Natasha
  1150 | D:2      | Reached XP level 5. HP: 35/46 MP: 7/7
  1296 | D:2      | Noticed Natasha
  1306 | D:2      | Killed Natasha
  1699 | D:3      | Noticed Purgy
  1759 | D:3      | HP: 2/47 [Purgy (3)]
  2181 | D:3      | Noticed Jessica
  2192 | D:3      | Killed Jessica
  2550 | D:3      | Reached *** piety under Lugonu
  2583 | D:3      | Reached XP level 6. HP: 41/53 MP: 8/8
  2824 | D:3      | Noticed a water moccasin
  2853 | D:3      | Killed a water moccasin
  2872 | D:3      | HP: 2/55 [poisoned by a water moccasin]
  2877 | D:3      | HP: 1/55 [poisoned by a water moccasin]
  2880 | D:3      | Succumbed to a water moccasin's poison

Levels and vault maps discovered:
D:1:      eino_arrival_druids_welcome, layout_rooms, minmay_statues_item,
          minmay_misc_feat_tiny
D:2:      layout_basic, uniq_natasha
D:3:      layout_basic, first_ration, chequers_serial_rivers_large_a,
          uniq_jessica, uniq_purgy

Skill      XL: |  1  2  3  4  5  6 |
---------------+-------------------+-----
Fighting       | 4 |  4.9
Invocations    | 3 4 |  4.2
Polearms       | 3 |  3.8
Dodging        | 3 |  3.7

Action                   |  1- 3 |  4- 6 || total
-------------------------+-------+-------++-------
Melee: Spear             |   126 |   233 ||   359
       Tailslap          |     9 |    16 ||    25
  Use: Scroll            |       |     8 ||     8
       Potion            |       |     6 ||     6
 Stab: Distracted        |       |     1 ||     1
       Sleeping          |       |     1 ||     1
  Eat: Chunk             |       |     3 ||     3
       Ration            |       |     1 ||     1
Armor: Skin              |    38 |   101 ||   139
Dodge: Dodged            |    98 |   155 ||   253
